 Dungeon Crawl Stone Soup version 0.31-a0-167-g1c394c0614 (webtiles) character file.

Game seed: 15724270619481573606

112 qw the Chopper (level 4, -3/28 HPs)
             Began as a Gargoyle Fighter on June 14, 2023.
             Slain by an ogre
             ... wielding a +0 giant club
              (19 damage)
             ... on level 3 of the Dungeon.
             The game lasted 00:01:01 (1576 turns).

qw the Chopper (Gargoyle Fighter)                   Turns: 1576, Time: 00:01:02

Health: -3/28      AC: 10    Str: 21    XL:     4   Next: 95%
Magic:  4/4        EV:  9    Int:  9    God:
Gold:   34         SH:  4    Dex:  9    Spells: 3/3 levels left

rFire   . . .        Y - +0 war axe
rCold   . . .        c - +0 buckler
rNeg    + + .        b - +0 scale mail
rPois   inf          (no helmet)
rElec   +            (no cloak)
rCorr   .            (no gloves)
SInv    .            (no boots)
Will    .....        (no amulet) Stlth
                     k - +4 ring of slaying {mikee}
HPRegen 0.24/turn    n - ring of positive energy
MPRegen 0.09/turn

%: no passive effects
@: no status effects
A: sickness immunity, AC +3, negative energy resistance 1, electricity
resistance, torment resistance 1, petrification resistance
a: no special abilities


You were on level 3 of the Dungeon.
You visited 1 branch of the dungeon, and saw 3 of its levels.

You collected 76 gold pieces.
You spent 42 gold pieces at shops.


Innate Abilities, Weirdness & Mutations

You are immune to sickness and miasma.
Your stone body is resilient. (AC +3)
You are immune to poison.
You resist negative energy. (rN+)
You are resistant to electric shocks. (rElec)
You are resistant to unholy torment.
You are immune to petrification.


   Skills:
 - Level 3.2 Fighting
 + Level 4.5 Axes
 - Level 3.2 Armour
 - Level 3.2 Shields


You had 3 spell levels left.
You didn't know any spells.
Your spell library was empty.

Inventory:

Hand Weapons
 e - a +0 mace
 Y - a +0 war axe (weapon)
Missiles
 g - a boomerang (quivered)
Armour
 b - a +0 scale mail (worn)
 c - a +0 buckler (worn)
Jewellery
 h - a ring of fire
 k - a +4 ring of slaying (left hand) {mikee}
 n - a ring of positive energy (right hand)
Scrolls
 a - a scroll of poison {unknown}
 m - a scroll of identify
Potions
 d - a potion of might
 f - 4 potions of curing
 o - a potion of haste
 p - a potion of heal wounds {unknown}

Dungeon Overview and Level Annotations

Branches:
Dungeon (3/15)

Altars:
Fedhas
Zin

Shops:
D:3 ![

Annotations:
D:3 2 transporters


Message History

Enter note:
Enter note:
Enter note:
Enter note:
Enter note:
a - a scroll labelled OSYUHEI SUOL
Enter note:
Enter note:
Enter note:
Enter note:
Enter note:
Enter note:
Enter note:
Enter note:
Enter note: An ogre comes into view. It is wielding a +0 giant club.
The ogre shouts!
Enter note:
Enter note:
Enter note:
Enter note:
Enter note:
Enter note:
Enter note:
Enter note:
Enter note: You throw a boomerang.
The boomerang hits the ogre.
The ogre is lightly wounded.
You throw a boomerang. The boomerang barely misses the ogre.
You hit the ogre.
The ogre is moderately wounded.
The ogre barely misses you.
You closely miss the ogre.
The ogre is moderately wounded.
The ogre hits you with a +0 giant club!
You hit the ogre.
The ogre is moderately wounded.
The ogre hits you with a +0 giant club!!
Ouch! That really hurt!
You die...

...#.#.###.#..###
.....P.# #.#...#
..P.P..# #.#...#
...P_..#
#.#.#.#####
....P..#
.#.#.....#
.....P.#
.#....##.##
.##.#..#
####.##..###
>...#.##
#......#...# .
..... #.##.@O..#
#....#.\.#
####.....#
#####.# ... ###


You could see an ogre.

Vanquished Creatures
  Jessica (D:3)
  2 adders (D:2)
  3 dart slugs
  An orc (D:3)
  5 endoplasms
  4 giant cockroaches (D:1)
  8 goblins
  6 hobgoblins
  6 jackals
  4 ball pythons
  5 bats
  3 frilled lizards
  4 kobolds
  4 rats
56 creatures vanquished.

Notes
Turn   | Place    | Note
-------+----------+-------------------------------------------
     0 | D:1      | qw the Gargoyle Fighter began the quest for the Orb.
     0 | D:1      | Reached XP level 1. HP: 14/14 MP: 1/1
     0 | D:1      | 0 ||| qw: Version: 0.2-a-29-g1fa15c8
     0 | D:1      | 0 ||| qw: Game counter: 5089
     0 | D:1      | 0 ||| qw: Always use a shield: true
     0 | D:1      | 0 ||| qw: God list: Okawaru
     0 | D:1      | 0 ||| qw: Allow faded altars: false
     0 | D:1      | 0 ||| qw: Do Orc after D:15 true
     0 | D:1      | 0 ||| qw: Do second Lair branch before Depths: true
     0 | D:1      | 0 ||| qw: Lair rune preference: random
     0 | D:1      | 0 ||| qw: Plans: Normal, Zot:1-4, Slime:5, God:TSO, Crypt,
                  | Tomb, Abyss, Pan, Hells, Win
     0 | D:1      | 0 ||| PLANNING D:1-11
     5 | D:1      | 5 ||| Stepping ~*~*~tactically~*~*~ (hiding).
    32 | D:1      | 32 ||| DROPPING +0 club.
    36 | D:1      | 36 ||| DROPPING +0 whip.
    71 | D:1      | Reached skill level 2 in Axes
    83 | D:1      | Reached XP level 2. HP: 19/19 MP: 2/2
   229 | D:1      | Found a faded altar of an unknown god.
   253 | D:1      | Reached skill level 3 in Axes
   322 | D:1      | Reached XP level 3. HP: 23/23 MP: 3/3
   550 | D:1      | 550 ||| READING scroll labelled KESUUSCH FIPIE.
   551 | D:1      | 551 ||| READING scroll labelled UJUVIRI JEWUXT.
   552 | D:1      | 552 ||| READING scroll labelled FOSKIBODIT.
   553 | D:1      | 553 ||| DRINKING 2 white potions.
   685 | D:2      | Found a glowing silver altar of Zin.
   912 | D:2      | 912 ||| Stepping ~*~*~tactically~*~*~ (stealth).
   913 | D:2      | 913 ||| Stepping ~*~*~tactically~*~*~ (stealth).
   914 | D:2      | 914 ||| Stepping ~*~*~tactically~*~*~ (stealth).
  1001 | D:2      | 1001 ||| Stepping ~*~*~tactically~*~*~ (hiding).
  1002 | D:2      | 1002 ||| Stepping ~*~*~tactically~*~*~ (hiding).
  1017 | D:2      | Reached XP level 4. HP: 28/28 MP: 4/4
  1079 | D:2      | 1079 ||| UPGRADING to +4 ring of slaying {mikee}.
  1080 | D:2      | 1080 ||| UPGRADING to ring of positive energy.
  1081 | D:2      | 1081 ||| READING scroll labelled BAVEFA WUCLIAD.
  1082 | D:2      | 1082 ||| READING scroll labelled MOPRAIST IHUT.
  1102 | D:2      | 1102 ||| READING scroll labelled ADGHAS VYOFYOJA.
  1105 | D:2      | 1105 ||| READING 3 scrolls of identify.
  1105 | D:2      | 1105 ||| IDENTIFYING blue potion
  1106 | D:2      | 1106 ||| READING 2 scrolls of identify.
  1106 | D:2      | 1106 ||| IDENTIFYING fuming emerald potion
  1107 | D:2      | 1107 ||| DROPPING potion of enlightenment.
  1158 | D:3      | Found a transporter.
  1166 | D:3      | Found a transporter.
  1181 | D:3      | Reached skill level 4 in Axes
  1301 | D:3      | 1301 ||| Stepping ~*~*~tactically~*~*~ (stealth).
  1305 | D:3      | 1305 ||| Stepping ~*~*~tactically~*~*~ (stealth).
  1308 | D:3      | 1308 ||| Stepping ~*~*~tactically~*~*~ (stealth).
  1318 | D:3      | 1318 ||| Stepping ~*~*~tactically~*~*~ (hiding).
  1418 | D:3      | 1418 ||| Stepping ~*~*~tactically~*~*~ (stealth).
  1419 | D:3      | Found Eskaam's Distillery.
  1422 | D:3      | 1422 ||| BUYING potion of curing (42 gold).
  1422 | D:3      | Bought a potion of curing for 42 gold pieces
  1422 | D:3      | 1422 ||| SHOPLISTING potion of curing (42 gold, have 17).
  1422 | D:3      | 1422 ||| SHOPLISTING potion of haste (140 gold, have 17).
  1422 | D:3      | 1422 ||| SHOPLISTING potion of magic (112 gold, have 17).
  1422 | D:3      | 1422 ||| SHOPLISTING potion of mutation (112 gold, have
                  | 17).
  1511 | D:3      | Found a blossoming altar of Fedhas.
  1511 | D:3      | Noticed Jessica
  1512 | D:3      | 1512 ||| Stepping ~*~*~tactically~*~*~ (hiding).
  1518 | D:3      | Killed Jessica
  1566 | D:3      | Found Daojess's Armour Shoppe.
  1571 | D:3      | Noticed an ogre
  1576 | D:3      | Slain by an ogre

Levels and vault maps discovered:
D:1:      dpeg_arrival_arbitrary_c, layout_basic,
          shapermc_ecumenical_altar_pompeii
D:2:      layout_rooms, serial_aquarium, aquarium_bridge_square
          [aquarium_subvault_balcony, aquarium_subvault_bridge,
          aquarium_subvault_wall, aquarium_subvault_wall], aquarium_window_fake,
          aquarium_window_1, aquarium_view_2g, aquarium_view_2g,
          aquarium_balcony_3b, aquarium_pool_split, basic_altar
D:3:      minmay_evil_eye, layout_basic, fedhas_altar_3,
          gammafunk_ghost_gnarly_gnolls, serial_shops, nicolae_shop_stone,
          nicolae_shop_real_fake_doors, nicolae_shop_advertising_works
          [nicolae_subvault_shop_adworks], shop, serial_bayou_lagoon_a,
          uniq_jessica

Skill      XL: |  1  2  3  4 |
---------------+-------------+-----
Axes           | 2 3 4 |  4.5
Fighting       | |  3.2
Armour         | |  3.2
Shields        | |  3.2

Action                     |  1- 3 |  4- 6 || total
---------------------------+-------+-------++-------
  Melee: War axe           |    96 |    29 ||   125
  Throw: Boomerang         |    14 |    18 ||    32
    Use: Scroll            |     3 |     5 ||     8
         Potion            |     1 |       ||     1
 Armour: Scale mail        |    47 |    17 ||    64
  Dodge: Dodged            |    49 |    11 ||    60
  Block: Buckler           |    18 |     7 ||    25

Table legend:
 A = Non-vault XP
 B = Vault XP
 C = Vault XP percentage of total XP
 D = Non-vault monster count
 E = Vault monster count
 F = Vault count percentage of total count
                 A         B        C        D         E       F
            +---------+---------+-------+---------+---------+-------
      Total |     124 |      37 |  23.0 |      55 |       1 |   1.8
            +---------+---------+-------+---------+---------+-------
        D:1 |      45 |       0 |   0.0 |      25 |       0 |   0.0
        D:2 |      48 |       0 |   0.0 |      14 |       0 |   0.0
        D:3 |      31 |      37 |  54.4 |      16 |       1 |   5.9
            +---------+---------+-------+---------+---------+-------
